 Dungeon Crawl Stone Soup version 0.24.0-10-g970556be89 (webtiles) character file.

Game seed: 17947878823899262749, levelgen mode: deterministic

486147 bl3nd3r the Axe Maniac (level 23, -6/240 HPs)
             Began as a Minotaur Berserker on Nov 2, 2019.
             Was the Champion of Trog.
             Mangled by a caustic shrike (33 damage)
             ... on level 5 of the Depths on Nov 3, 2019.
             The game lasted 04:22:36 (57929 turns).

bl3nd3r the Axe Maniac (Minotaur Berserker)        Turns: 57929, Time: 04:22:36

Health: -6/240     AC:  6    Str: 31    XL:     23   Next: 79%
Magic:  22/22      EV: 23    Int:  8    God:    Trog [******]
Gold:   2893       SH:  0    Dex: 23    Spells: 22/22 levels left

rFire    + + +     SeeInvis +   N - +8 battleaxe of the Reaper {vamp, Dex+2}
rCold    + . .     Gourm    .   (shield currently unavailable)
rNeg     . . .     Faith    .   Z - +0 fire dragon scales
rPois    +         Spirit   .   W - +3 crown of Dyrovepreva {rElec Int+2 SInv}
rElec    +         Reflect  .   K - scarf {rC+ rF+}
rCorr    .         Harm     .   V - +2 pair of gloves
MR       ++...     Rnd*Rage +   M - +1 pair of boots {Fly}
Stlth    ..........             J - amulet of regeneration
HPRegen  0.90/turn              G - ring "Foabon" {*Drain rPois rC+ Int+2 Dex+6}
MPRegen  0.18/turn              D - ring "Xepag" {+Fly rElec MR+ Str+4 SInv}

@: corroded, flying
A: retaliatory headbutt, horns 2, berserk 1, deterioration 1
}: 2/15 runes: decaying, serpentine
a: Berserk, Trog's Hand, Brothers in Arms, Renounce Religion, Stop Flying


You were on level 5 of the Depths.
You worshipped Trog.
Trog was exalted by your worship.
You were hungry.

You visited 7 branches of the dungeon, and saw 40 of its levels.
You visited the Abyss 2 times.
You visited 1 bazaar.
You also visited: Bailey and Ice Cave.

You collected 7365 gold pieces.
You spent 4472 gold pieces at shops.

Inventory:

Hand Weapons
 a - the +6 executioner's axe of Lon Xim {speed, rElec rF- MR+}
   (Trog gifted it to you on level 2 of the Swamp)

   Attacks with this weapon are significantly faster.
   It makes you vulnerable to fire.
   It insulates you from electricity.
   It affects your resistance to hostile enchantments.
 b - a +1 scimitar of flaming
 e - a +4 antimagic battleaxe
 L - a +8 executioner's axe of venom
 N - the +8 battleaxe of the Reaper (weapon) {vamp, Dex+2}
   (Trog gifted it to you on level 2 of the Depths)

   It inflicts no extra harm, but heals its wielder when it wounds a living foe.
   It affects your dexterity (+2).
 O - the +7 broad axe of Trog's Esteem {venom, Int+4 Dex+3}
   (Trog gifted it to you on level 3 of the Vaults)

   It poisons the flesh of those it strikes.
   It affects your intelligence (+4).
   It affects your dexterity (+3).
Missiles
 C - 19 javelins (quivered)
Armour
 A - the +6 plate armour of Ynavah {+Inv rF++ Str-5 Stlth+}
   (You found it on level 1 of the Vaults)

   It affects your strength (-5).
   It greatly protects you from fire.
   It lets you turn invisible.
   It makes you more stealthy.
 K - a scarf of resistance (worn)
 M - a +1 pair of boots of flying (worn)
 T - a +0 cloak of magic resistance
 V - a +2 pair of gloves (worn)
 W - the +3 crown of Dyrovepreva (worn) {rElec Int+2 SInv}
   (You bought it in a shop in a bazaar)

   It affects your intelligence (+2).
   It insulates you from electricity.
   It lets you see invisible.
 Y - a +2 chain mail of cold resistance
 Z - +0 fire dragon scales (worn)
Jewellery
 j - an uncursed ring of resist corrosion
 q - the ring "Ytzafo Unam" {Fire rElec Dex-3 SInv Stlth-}
   (You took it off a deep elf mage on level 4 of the Depths)

   [ring of fire]

   It enhances your fire magic.
   It affects your dexterity (-3).
   It protects you from fire.
   It makes you vulnerable to cold.
   It insulates you from electricity.
   It lets you see invisible.
   It makes you less stealthy.
 y - the ring "Joufath" {Fire rPois}
   (You found it on level 3 of the Lair of Beasts)

   [ring of fire]

   It enhances your fire magic.
   It protects you from fire.
   It makes you vulnerable to cold.
   It protects you from poison.
 B - the ring "Ruiprogi" {Wiz rC+ Int+3}
   (You found it on level 4 of the Depths)

   [ring of wizardry]

   It improves your spell success rate.
   It affects your intelligence (+3).
   It protects you from cold.
 D - the ring "Xepag" (right hand) {+Fly rElec MR+ Str+4 SInv}
   (You bought it in a shop on level 12 of the Dungeon)

   [ring of flight]

   It affects your strength (+4).
   It insulates you from electricity.
   It affects your resistance to hostile enchantments.
   It lets you see invisible.
   It lets you fly.
 G - the ring "Foabon" (left hand) {*Drain rPois rC+ Int+2 Dex+6}
   (You bought it in a shop on level 2 of the Orcish Mines)

   [ring of intelligence]

   It affects your intelligence (+2).
   It affects your dexterity (+6).
   It protects you from cold.
   It protects you from poison.
   It causes draining when unequipped.
 J - an amulet of regeneration (around neck)
 P - an uncursed ring of ice
 Q - an uncursed ring of protection from magic
 R - an uncursed ring of protection from fire
Wands
 l - a wand of iceblast (27)
 m - a wand of acid (52)
 z - a wand of digging (24)
Scrolls
 d - 6 scrolls of enchant weapon
 f - 4 scrolls of identify
 g - 4 scrolls of teleportation
 i - 6 scrolls of immolation
 k - a scroll of blinking
 o - 7 scrolls of noise
 p - 15 scrolls of remove curse
 v - 10 scrolls of enchant armour
 w - 5 scrolls of fear
 H - 4 scrolls of fog
 U - 4 scrolls of magic mapping
Potions
 h - 9 potions of agility
 n - 3 potions of mutation
 r - 16 potions of curing
 s - 6 potions of heal wounds
 t - 4 potions of haste
 u - 2 potions of invisibility
 x - a potion of cancellation
 E - 5 potions of brilliance
 F - a potion of berserk rage
 I - 2 potions of resistance
 S - a potion of might
 X - 2 potions of ambrosia
Comestibles
 c - 52 rations


   Skills:
 O Level 27 Fighting
 O Level 27 Axes
 + Level 23.9 Armour
 - Level 14.0 Dodging


You had 22 spell levels left.
You didn't know any spells.
Your spell library was empty.

Dungeon Overview and Level Annotations

Branches:
Dungeon (15/15)            Temple (0/1) D:7            Lair (6/6) D:8
  Swamp (4/4) Lair:3        Snake (4/4) Lair:2        Slime (0/5) Lair:5
    Orc (2/2) D:11            Elf (0/3) Orc:2        Vaults (4/5) D:13
  Crypt (0/3) Vaults:3     Depths (5/5) D:15         Bailey (visited)
  IceCv (visited)
    Zot: Depths:5

Altars:
Ashenzari
Cheibriados
Elyvilon
Gozag
Kikubaaqudgha
Makhleb
Nemelex Xobeh
Okawaru
Qazlal
Sif Muna
Uskayaw
Vehumet
Wu Jian
Xom
Zin
The Shining One
Beogh
Jiyva
Lugonu

Shops:
D:10 *   D:11 [   D:12 =   Orc:1 *   Orc:2 }=[*:   Depths:4 =%

Portals:
Hell: Depths:1 Depths:2 Depths:3 Depths:4
Abyss: Depths:1 Depths:3 Depths:4
Pandemonium: Depths:3
Ziggurat: Depths:2
Trove: Depths:5 (give +3 ice dragon scales)

Annotations:
Swamp:2 2 transporters, PlayerOfArmor's ghost, adept BaAE
Snake:4 Roxanne
Vaults:1 3 runed translucent doors, handsome's ghost, veteran OpWn


Innate Abilities, Weirdness & Mutations

You reflexively headbutt those who attack you in melee.
You have a pair of horns on your head.
You tend to lose your temper in combat.
Your body sometimes deteriorates upon taking damage.


Message History

The acid corrodes you!
You are splashed with acid.
The caustic shrike barely misses you.
You slice the caustic shrike!!
Your headbutt misses the caustic shrike.
The caustic shrike is almost dead.
You hit the caustic shrike but do no damage.
The caustic shrike claws you!!
* * * LOW HITPOINT WARNING * * *
The acid corrodes you!
You are splashed with acid!
* * * LOW HITPOINT WARNING * * *
The caustic shrike claws you!!
* * * LOW HITPOINT WARNING * * *
You are splashed with acid!
* * * LOW HITPOINT WARNING * * *
The caustic shrike claws you!
* * * LOW HITPOINT WARNING * * *
You are splashed with acid!
* * * LOW HITPOINT WARNING * * *
You feel much better. The caustic shrike claws you!!
You die...

#####.## #.#####.#.≈≈≈≈≈
.......u #.......#.≈≈≈≈≈
#.###.#.#####.####......
#.#...........##........
.....#.#.#.#............
###. ........#..........
.. .#.#.#.#..........
.........##..####...
.#.#.#.#. #.@#
..........bbb.#
.#.#.#.....#..#
.....#....... .....####
#### #####


You could see 3 caustic shrikes.

Vanquished Creatures
  Mara (Swamp:3)
  2 juggernauts
  A greater mummy (Depths:2)
  Sojobo (Depths:3)
  Margery (Depths:3)
  Bai Suzhen (Swamp:3)
  Frederick (Vaults:4)
  Vashnia (Snake:4)
  Saint Roka (Depths:2)
  A caustic shrike (Depths:3)
  Nikola (Snake:4)
  A bone dragon (Abyss:3)
  7 liches
  A tentacled monstrosity (Depths:4)
  Rupert (Lair:4)
  A quicksilver dragon (Depths:3)
  A titan (Depths:3)
  Gastronok (Orc:1)
  6 sphinxes
  2 thorn hunters
  4 shadow dragons
  9 tengu reavers
  13 nagarajas
  A storm dragon (Vaults:4)
  12 frost giants
  An iron dragon (Depths:3)
  12 fire giants
  An orc warlord (Orc:2)
  3 vault wardens
  A deep elf sorcerer (Vaults:2)
  A cacodemon (Abyss:4)
  A caustic shrike zombie (Depths:2)
  Aizul (Snake:3)
  A deep elf elementalist (Depths:3)
  5 ironheart preservers
  2 spriggan defenders (Depths:4)
  2 war gargoyles
  19 very ugly things
  4 vampire knights
  14 stone giants
  An ophan (Abyss:4)
  A deep elf demonologist (Depths:4)
  2 green draconians (Depths:5)
  A black draconian (Depths:5)
  2 deep elf annihilators (Vaults:3)
  A lorocyproca (Abyss:4)
  3 purple draconians (Depths:5)
  The ghost of Pigabica the Spear-Bearer, a journeyman MfSk of Sif Muna (Lair:3)
  2 dire elephants
  Azrael (D:12)
  A yellow draconian (Depths:5)
  12 spark wasps
  Snorg (Lair:4)
  A deep elf death mage (Depths:4)
  7 ettins
  13 fire dragons
  13 ogre magi
  A deep elf high priest (Depths:4)
  11 yaktaur captains
  4 vault guards (Depths:4)
  20 naga warriors
  11 great orbs of eyes
  Fannar (D:10)
  10 ice dragons
  A ghost crab (Swamp:4)
  19 hydras
  6 rakshasas
  A shambling mangrove (Swamp:3)
  5 centaur warriors
  12 anacondas
  A merfolk aquamancer (Depths:4)
  A spriggan air mage (Depths:3)
  A catoblepas (Lair:6)
  3 death knights
  30 two-headed ogres
  16 alligators
  8 death yaks
  7 deep troll shamans
  7 tengu warriors
  4 orc high priests
  2 vampire magi
  4 deep troll earth magi
  5 spriggan berserkers
  A thrashing horror (Abyss:4)
  11 naga sharpshooters
  Sonja (Orc:1)
  6 shock serpents
  A fire crab (shapeshifter) (Vaults:4)
  5 deep elf knights
  A wretched star (Abyss:4)
  21 hell knights
  3 skeletal warriors
  A storm dragon zombie (Vaults:4)
  3 fire crabs (Swamp:4)
  4 iron trolls
  2 golden dragon zombies (Depths:2)
  3 sea snakes (Snake:1)
  15 deep trolls
  A shadow wraith (Vaults:2)
  4 salamander mystics
  29 slime creatures
  5 unseen horrors
  4 flayed ghosts
  2 spark wasp zombies
  10 swamp dragons
  11 naga ritualists
  8 ironbrand convokers
  5 deep elf archers
  4 glowing orange brains
  9 wizards
  A tengu zombie (Vaults:4)
  4 lindwurms (Lair:6)
  3 phantasmal warriors
  2 harpies (shapeshifter)
  3 sphinx zombies
  A wolf spider zombie (D:15)
  A shadow dragon zombie (Depths:2)
  12 necromancers
  20 orc knights
  11 harpies
  A fire giant zombie (Depths:3)
  An orb spider (shapeshifter) (Vaults:2)
  15 deep elf magi
  3 manticores
  11 mana vipers
  42 ugly things
  4 orc sorcerers (Orc:2)
  5 wolf spiders
  15 cyclopes
  3 worldbinders
  A manticore (shapeshifter) (Depths:4)
  12 salamanders
  2 human skeletons (Vaults:2)
  Maurice (D:9)
  17 elephants
  A moth of wrath (shapeshifter) (Depths:3)
  12 vault sentinels
  32 black mambas
  21 naga magi
  11 guardian serpents
  5 torpor snails (Lair:6)
  A smoke demon (Abyss:4)
  2 ice statues (IceCv)
  A gargoyle (D:15)
  An elf zombie (Depths:3)
  A yaktaur zombie (Vaults:2)
  18 spiny frogs
  An orange demon (Abyss:4)
  8 rime drakes
  A rime drake (shapeshifter) (Depths:2)
  6 komodo dragons
  2 efreet
  3 guardian mummies (Depths:2)
  2 ice devils (Abyss:4)
  5 freezing wraiths
  A komodo dragon (shapeshifter) (Depths:4)
  46 yaktaurs
  A meliai (shapeshifter) (Vaults:1)
  4 tengu conjurers
  An ancient zyme (Abyss:4)
  2 polar bears
  A jumping spider (Vaults:4)
  9 trolls
  A merfolk (shapeshifter) (Vaults:3)
  A tengu simulacrum (Vaults:4)
  18 tyrant leeches
  23 hornets
  9 raiju
  7 blink frogs
  8 dream sheep (Lair:6)
  A slime creature (shapeshifter) (Depths:4)
  9 hippogriffs
  8 bog bodies
  2 spriggan zombies (Depths:2)
  A dream sheep (shapeshifter) (Depths:1)
  A frost giant simulacrum (Depths:3)
  A blink frog (shapeshifter) (Vaults:1)
  An ettin zombie (Depths:2)
  A centaur simulacrum (D:14)
  A redback (shapeshifter) (Depths:1)
  A ynoxinul (Abyss:4)
  Sigmund (D:3)
  2 meliai zombies (D:15)
  3 shadows
  15 spriggans
  8 water elementals
  A tarantella (shapeshifter) (Vaults:4)
  3 vampires (Vaults:3)
  2 yaks (shapeshifter)
  A wyvern (D:15)
  5 wraiths
  36 yaks
  2 fire bats (Lair:2)
  2 fire elementals (D:12)
  Grum (D:8)
  A neqoxec (Abyss:4)
  A chaos spawn (Abyss:4)
  6 steam dragons
  31 vampire mosquitoes
  3 basilisks
  15 swamp worms
  3 hungry ghosts
  A soldier ant (shapeshifter) (Depths:1)
  8 wargs
  A large abomination (Abyss:4)
  70 nagas
  3 acid dragons
  12 insubstantial wisps
  6 hell hounds (D:12)
  9 water moccasins
  9 porcupines
  3 floating eyes
  A black bear (shapeshifter) (Vaults:1)
  A porcupine (shapeshifter) (Vaults:4)
  11 swamp drakes
  13 ice beasts
  41 orc warriors
  2 sky beasts
  A phantom (D:11)
  An eye of draining (D:15)
  16 boggarts
  45 ogres
  18 wolves
  12 centaurs
  8 crocodiles
  3 big kobolds (D:13)
  A human zombie (Vaults:2)
  19 bullfrogs
  A wyvern zombie (D:13)
  A spiny frog simulacrum (Lair:3)
  A wyvern skeleton (D:8)
  A scorpion (D:5)
  A blink frog simulacrum (Lair:3)
  6 killer bees (D:10)
  An elephant simulacrum (Lair:3)
  2 wights (D:6)
  A rime drake simulacrum (Lair:3)
  13 electric eels
  3 howler monkeys
  3 lava snakes
  3 centaur zombies
  3 crimson imps
  A jelly (D:15)
  8 hounds
  14 orc priests
  21 orc wizards
  2 water moccasin simulacra (Lair:3)
  4 bullfrog skeletons
  7 centaur skeletons
  2 iguanas
  12 worker ants
  12 hell rats
  6 mummies (Depths:2)
  3 worker ant zombies
  11 adders
  A crocodile simulacrum (Lair:3)
  5 gnolls
  A river rat (D:6)
  5 shadow imps
  An ooze (D:3)
  2 adder zombies
  An adder skeleton (D:9)
  5 worms
  8 leopard geckos
  103 orcs
  4 giant cockroaches
  11 goblins
  8 hobgoblins
  4 jackals
  7 quokkas
  6 bats
  4 frilled lizards
  A giant cockroach zombie (D:5)
  A goblin skeleton (D:8)
  A goblin zombie (D:8)
  3 hobgoblin zombies (D:8)
  23 kobolds
  A leopard gecko zombie (D:8)
  An orc skeleton (D:8)
  An orc zombie (D:8)
  A quokka skeleton (D:8)
  10 rats
  7 briar patches
  A fire vortex (Lair:2)
  5 fungi
  12 plants
1892 creatures vanquished.

Vanquished Creatures (collateral kills)
  Mennas (Vaults:2)
  A nagaraja (Snake:4)
  2 naga warriors
  2 naga sharpshooters
  A hell knight (Depths:3)
  3 nagas
10 creatures vanquished.

Vanquished Creatures (others)
  An entropy weaver (Vaults:4)
  2 hydras (Swamp:4)
  A deep elf knight (Depths:4)
  A swamp dragon (Swamp:4)
  An ugly thing (D:14)
  A spiny frog (Swamp:4)
  A hornet (Depths:4)
  A redback (Vaults:4)
  2 steam dragons (Swamp:4)
  3 swamp drakes (Swamp:4)
  A small abomination (Abyss:4)
  A wight (D:6)
  A briar patch (Swamp:1)
  A bush (Lair:4)
  10 fungi
  13 plants
41 creatures vanquished.

Grand Total: 1943 creatures vanquished

Notes
Turn   | Place    | Note
-------+----------+-------------------------------------------
     0 | D:1      | bl3nd3r the Minotaur Berserker began the quest for the Orb.
     0 | D:1      | Reached XP level 1. HP: 19/19 MP: 0/0
   513 | D:1      | Reached XP level 2. HP: 26/26 MP: 1/1
  1308 | D:2      | Reached skill level 5 in Axes
  1308 | D:2      | Reached XP level 3. HP: 12/31 MP: 2/2
  2020 | D:2      | Found a radiant altar of Vehumet.
  2024 | D:2      | Found an ancient bone altar of Kikubaaqudgha.
  2025 | D:2      | Found a shimmering blue altar of Sif Muna.
  2058 | D:2      | Found a faded altar of an unknown god.
  2062 | D:2      | Reached ** piety under Trog
  2813 | D:3      | Reached XP level 4. HP: 26/39 MP: 3/3
  3444 | D:3      | Reached XP level 5. HP: 34/45 MP: 4/4
  3674 | D:3      | Noticed Sigmund
  3685 | D:3      | Killed Sigmund
  3685 | D:3      | Reached XP level 6. HP: 31/51 MP: 5/5
  4700 | D:4      | Reached XP level 7. HP: 29/57 MP: 6/6
  5249 | D:5      | Entered Level 5 of the Dungeon
  5275 | D:5      | Reached skill level 10 in Axes
  5705 | D:5      | Reached XP level 8. HP: 64/64 MP: 7/7
  5865 | D:5      | Reached *** piety under Trog
  7084 | D:6      | Found a hide-covered altar of Uskayaw.
  7650 | D:6      | Found a shimmering altar of Xom.
  7811 | D:7      | Reached XP level 9. HP: 72/73 MP: 8/8
  7855 | D:6      | Reached skill level 5 in Fighting
  7987 | D:6      | Reached **** piety under Trog
  8124 | D:7      | Found a staircase to the Ecumenical Temple.
  8518 | D:8      | Found an ornate altar of the Wu Jian Council.
  8519 | D:8      | Found an opulent altar of Gozag.
  8521 | D:8      | Found a shattered altar of Ashenzari.
  8529 | D:8      | Found a glowing golden altar of the Shining One.
  8538 | D:8      | Reached skill level 5 in Armour
  8539 | D:8      | Noticed Grum
  8549 | D:8      | Killed Grum
  8705 | D:8      | Found a stormy altar of Qazlal.
  8705 | D:8      | Found a glowing silver altar of Zin.
  8706 | D:8      | Found a snail-covered altar of Cheibriados.
  8708 | D:8      | Found a white marble altar of Elyvilon.
  8710 | D:8      | Found a shimmering altar of Xom.
  8860 | D:8      | Found a glowing golden altar of the Shining One.
  8964 | D:8      | Reached skill level 5 in Dodging
  8986 | D:8      | Found a staircase to the Lair.
  9720 | D:9      | Reached XP level 10. HP: 84/84 MP: 9/9
  9944 | D:9      | Found a shimmering altar of Xom.
  9992 | D:9      | You fall into a shaft and drop 3 floors!
 10028 | D:12     | Noticed a brown ugly thing
 10041 | D:12     | Killed a brown ugly thing
 10514 | D:12     | Found Estraot's Jewellery Boutique.
 10534 | D:12     | Bought the ring "Xepag" {+Fly rElec MR+ Str+4 SInv} for 646
                  | gold pieces
 10550 | D:11     | Noticed a cyclops
 10551 | D:11     | Noticed an eight-headed hydra
 10556 | D:12     | Killed a cyclops
 10845 | D:12     | Reached skill level 15 in Axes
 10905 | D:12     | Noticed a five-headed hydra
 10922 | D:12     | Noticed Azrael
 10973 | D:12     | Noticed an unseen horror
 10981 | D:12     | Killed an unseen horror
 11019 | D:12     | Killed Azrael
 11019 | D:12     | Reached XP level 11. HP: 68/95 MP: 10/10
 11592 | D:10     | Entered Level 10 of the Dungeon
 11592 | D:10     | Found Jecugiveke's Assorted Antiques.
 11595 | D:10     | Reached ***** piety under Trog
 11980 | D:9      | Received a gift from Trog
 12014 | D:9      | Noticed a two-headed ogre
 12020 | D:9      | Killed a two-headed ogre
 12154 | D:9      | Noticed Maurice
 12159 | D:9      | Killed Maurice
 12259 | D:9      | Found an iron altar of Okawaru.
 12941 | D:10     | Noticed Fannar
 12968 | D:10     | Killed Fannar
 12968 | D:10     | Reached skill level 10 in Fighting
 13424 | D:11     | Found Yzumunemio's Armour Emporium.
 13450 | D:11     | Found a staircase to the Orcish Mines.
 13460 | D:11     | Found Civef's Food Shop.
 13858 | D:12     | Killed a three-headed hydra
 13858 | D:12     | Reached skill level 10 in Armour
 13904 | D:12     | Noticed an unseen horror
 13905 | D:12     | Killed an unseen horror
 14288 | Orc:1    | Entered Level 1 of the Orcish Mines
 14306 | Orc:1    | Noticed an orc knight
 14327 | Orc:1    | Killed an orc knight
 14327 | Orc:1    | Reached XP level 12. HP: 107/107 MP: 9/11
 14449 | Orc:1    | Found Kaacywis's Assorted Antiques.
 14449 | Orc:1    | Noticed Sonja
 14593 | Orc:1    | Found a roughly hewn altar of Beogh.
 14808 | Orc:1    | Noticed Gastronok
 14820 | Orc:1    | Killed Gastronok
 14826 | Orc:1    | Killed Sonja
 14860 | Orc:1    | Bought a potion of heal wounds for 140 gold pieces
 15041 | Orc:2    | Entered Level 2 of the Orcish Mines
 15190 | Orc:2    | Noticed an orc warlord
 15203 | Orc:2    | Killed an orc warlord
 15290 | Orc:2    | Found Bitumesi's Book Shop.
 15597 | Orc:2    | Found a burning altar of Makhleb.
 15601 | Orc:2    | Found a staircase to the Elven Halls.
 15913 | Orc:2    | Noticed an orc high priest
 15971 | Orc:2    | Noticed an orc high priest
 15997 | Orc:2    | Killed an orc high priest
 16025 | Orc:2    | Killed an orc high priest
 16028 | Orc:2    | Reached XP level 13. HP: 98/119 MP: 9/12
 16074 | Orc:2    | Found Jefilixt's Gadget Boutique.
 16074 | Orc:2    | Found Aleirat's Jewellery Emporium.
 16080 | Orc:2    | Found Itahomes's Antique Armour Boutique.
 16080 | Orc:2    | Found Arerch's Assorted Antiques.
 16097 | Orc:2    | Bought the ring "Foabon" {*Drain rPois rC+ Int+2 Dex+6} for
                  | 457 gold pieces
 16149 | Orc:2    | Bought a runed chain mail for 277 gold pieces
 16159 | Orc:2    | Bought a glowing scale mail for 259 gold pieces
 16270 | D:11     | Found an ornate altar of the Wu Jian Council.
 16343 | Lair:1   | Entered Level 1 of the Lair of Beasts
 17425 | Lair:2   | Received a gift from Trog
 17946 | Lair:2   | Found a staircase to the Snake Pit.
 18230 | Lair:2   | Noticed a fire dragon
 18240 | Lair:2   | Killed a fire dragon
 18947 | Lair:3   | Found a staircase to the Swamp.
 19298 | Lair:3   | Noticed Pigabica's ghost (journeyman MfSk)
 19340 | Lair:3   | Found a runed translucent gate.
 19341 | Lair:3   | Found a runed translucent gate.
 19342 | Lair:3   | Found a runed translucent gate.
 19948 | Lair:4   | Noticed Snorg
 19964 | Lair:4   | Killed Snorg
 19972 | Lair:4   | Noticed Rupert
 20039 | Lair:4   | Killed Rupert
 20351 | Lair:4   | Reached XP level 14. HP: 127/133 MP: 11/13
 21483 | Lair:5   | Found a viscous altar of Jiyva.
 21483 | Lair:5   | Found a staircase to the Slime Pits.
 21490 | Lair:5   | Found a frozen archway.
 21505 | Lair:5   | Reached skill level 15 in Fighting
 21695 | IceCv    | Entered an ice cave
 21838 | IceCv    | Found a transporter.
 21851 | IceCv    | Found a transporter.
 22445 | Lair:5   | Reached ****** piety under Trog
 22450 | Lair:5   | Received a gift from Trog
 22863 | Lair:6   | Entered Level 6 of the Lair of Beasts
 23026 | Lair:6   | Reached skill level 10 in Dodging
 23690 | Lair:6   | Found a runed translucent door.
 24204 | Lair:6   | Reached XP level 15. HP: 145/145 MP: 14/14
 24616 | Lair:3   | Killed Pigabica's ghost
 24643 | Lair:3   | Got the ring "Joufath" {Fire}
 24645 | Lair:3   | Identified the ring "Joufath" {Fire rPois} (You found it on
                  | level 3 of the Lair of Beasts)
 24722 | Swamp:1  | Entered Level 1 of the Swamp
 24929 | Lair:3   | Identified a scroll of acquirement
 24930 | Lair:3   | Got an ichor-stained hat
 24941 | Lair:3   | Identified the +0 hat of the Sun {+Inv Int+3} (You acquired
                  | it on level 3 of the Lair of Beasts)
 25195 | Swamp:1  | Noticed a thorn hunter
 25204 | Swamp:1  | Killed a thorn hunter
 26145 | Swamp:2  | Noticed a thorn hunter
 26192 | Swamp:2  | Received a gift from Trog
 26200 | Swamp:2  | Got a translucent executioner's axe {god gift}
 26382 | Swamp:1  | Identified the +6 executioner's axe of Lon Xim {speed,
                  | rElec rF- MR+} (Trog gifted it to you on level 2 of the
                  | Swamp)
 26460 | Swamp:2  | Killed a thorn hunter
 27404 | Swamp:2  | Noticed PlayerOfArmor's ghost (adept BaAE)
 27412 | Swamp:2  | Found a transporter.
 27495 | Swamp:2  | Found a transporter.
 28287 | Swamp:3  | Reached XP level 16. HP: 140/157 MP: 15/15
 28421 | Swamp:3  | Received a gift from Trog
 28555 | Swamp:3  | Noticed Mara
 28561 | Swamp:3  | Noticed bl3nd3r's illusion
 29173 | Swamp:3  | Noticed bl3nd3r's illusion
 29575 | Swamp:3  | Noticed bl3nd3r's illusion
 29827 | Swamp:3  | Killed Mara
 29942 | Swamp:4  | Entered Level 4 of the Swamp
 29942 | Swamp:4  | Noticed Bai Suzhen
 29950 | Swamp:3  | Killed Bai Suzhen
 31136 | Swamp:4  | Got a decaying rune of Zot
 31235 | Swamp:4  | Received a gift from Trog
 32227 | D:12     | Upgraded the game from 0.24.0-7-gb3623d2c88 to
                  | 0.24.0-10-g970556be89
 32644 | D:13     | Found a flagged portal.
 32660 | Bailey   | Entered a bailey
 33013 | D:13     | Received a gift from Trog
 33022 | D:13     | Reached skill level 15 in Armour
 33219 | D:13     | Found a gate to the Vaults.
 33329 | D:13     | Reached XP level 17. HP: 159/163 MP: 5/16
 33852 | D:14     | Found the +18 shield of the Gong {rElec rN+ MR+ EV-5}
 34014 | D:14     | Identified the +0 leather armour "Vytoatsi" {rF+}
 34295 | D:14     | Found a shimmering blue altar of Sif Muna.
 34488 | D:15     | Entered Level 15 of the Dungeon
 34625 | D:15     | Received a gift from Trog
 34865 | D:15     | Found a staircase to the Depths.
 35686 | D:11     | Bought a ration for 70 gold pieces
 35686 | D:11     | Bought a ration for 70 gold pieces
 35686 | D:11     | Bought a ration for 70 gold pieces
 35686 | D:11     | Bought a ration for 70 gold pieces
 35686 | D:11     | Bought a ration for 70 gold pieces
 35686 | D:11     | Bought a ration for 70 gold pieces
 35686 | D:11     | Bought a ration for 70 gold pieces
 35686 | D:11     | Bought a ration for 70 gold pieces
 35686 | D:11     | Bought a ration for 70 gold pieces
 35686 | D:11     | Bought a ration for 70 gold pieces
 35956 | Snake:1  | Entered Level 1 of the Snake Pit
 36040 | Snake:1  | Found a sparkling altar of Nemelex Xobeh.
 36941 | Snake:2  | Received a gift from Trog
 37928 | Snake:3  | Reached XP level 18. HP: 171/172 MP: 17/17
 37995 | Snake:3  | Noticed Aizul
 38003 | Snake:3  | Killed Aizul
 38257 | Snake:3  | Received a gift from Trog
 38258 | Snake:3  | Got a shimmering lajatang {god gift}
 38977 | Snake:4  | Entered Level 4 of the Snake Pit
 39962 | Snake:4  | Received a gift from Trog
 40058 | Snake:4  | Noticed Nikola
 40085 | Snake:4  | Noticed Vashnia
 40090 | Snake:4  | Killed Nikola
 40207 | Snake:4  | Killed Vashnia
 40450 | Snake:4  | Identified Roxanne's Reference Book on Transmigration
 40450 | Snake:4  | Noticed Roxanne
 40622 | Snake:4  | Received a gift from Trog
 40715 | Snake:4  | Reached XP level 19. HP: 126/179 MP: 18/18
 41426 | Snake:4  | Got a serpentine rune of Zot
 41754 | Vaults:1 | Entered Level 1 of the Vaults
 42256 | Vaults:1 | Received a gift from Trog
 42851 | Vaults:1 | Found the +8 demon blade "Bloodbane" {slice, *Rage +Rage
                  | Stlth-}
 42892 | Vaults:1 | Identified the cursed +2 dire flail of the Harvest {freeze,
                  | rElec MR++}
 42892 | Vaults:1 | Identified the cursed +1 plate armour "Ophun" {rF- MR+++
                  | MP+9}
 42892 | Vaults:1 | Noticed handsome's ghost (veteran OpWn)
 42893 | Vaults:1 | Found a runed translucent gate.
 42893 | Vaults:1 | Found a runed translucent gate.
 42893 | Vaults:1 | Found a runed translucent gate.
 42893 | Vaults:1 | Identified the +8 war axe "Mofuim Qaidd" {freeze, rPois rN+
                  | Str+2 Int-5}
 42893 | Vaults:1 | Identified the +7 chain mail of Magic {rC+}
 43023 | Vaults:1 | Got a shimmering plate armour
 43024 | Vaults:1 | Identified the +6 plate armour of Ynavah {+Inv rF++ Str-5
                  | Stlth+} (You found it on level 1 of the Vaults)
 43147 | Vaults:1 | Identified the cursed +0 leather armour of Makhleb's
                  | Displeasure {rC++ Slay+3}
 43600 | Vaults:1 | Found the amulet of the Air {Inacc +Fly rElec EV+5 RMsl}
 43600 | Vaults:1 | Found the +7 sceptre of Torment {pain, torment}
 43600 | Vaults:1 | Found a roughly hewn altar of Beogh.
 44125 | Vaults:2 | Received a gift from Trog
 44754 | Vaults:2 | Noticed Mennas
 44771 | Vaults:2 | Killed Mennas
 45445 | Vaults:3 | Reached XP level 20. HP: 163/189 MP: 19/19
 45550 | Vaults:3 | Received a gift from Trog
 45604 | Vaults:3 | Got an ancient broad axe {god gift}
 45678 | Vaults:3 | Identified the +7 broad axe of Trog's Esteem {venom, Int+4
                  | Dex+3} (Trog gifted it to you on level 3 of the Vaults)
 45726 | Vaults:3 | Reached skill level 27 in Axes
 46417 | Vaults:3 | Received a gift from Trog
 46575 | Vaults:3 | Found a staircase to the Crypt.
 47082 | Vaults:4 | Received a gift from Trog
 47101 | Vaults:4 | Found a flickering gateway to a bazaar.
 47109 | Bazaar   | Entered a bazaar
 47220 | Bazaar   | Found Ximidava's Antique Weapon Emporium.
 47229 | Bazaar   | Found Kevel's Antique Weapon Shoppe.
 47245 | Bazaar   | Found Luac's Antique Armour Emporium.
 47256 | Bazaar   | Found Batyim's Antique Armour Shoppe.
 47289 | Bazaar   | Bought a shiny plate armour for 546 gold pieces
 47289 | Bazaar   | Bought the +3 crown of Dyrovepreva {rElec Int+2 SInv} for
                  | 869 gold pieces
 47289 | Bazaar   | Found the +3 crown of Dyrovepreva {rElec Int+2 SInv}
 47326 | Bazaar   | Bought a translucent chain mail for 323 gold pieces
 47327 | Bazaar   | Identified the cursed +1 chain mail of the Kangaroo
                  | {*Contam +Inv Int+2} (You bought it in a shop in a bazaar)
 47328 | Bazaar   | Bought a glowing chain mail for 255 gold pieces
 48181 | Vaults:4 | Noticed Frederick
 48203 | Vaults:4 | Killed Frederick
 48205 | Vaults:4 | Reached XP level 21. HP: 84/204 MP: 20/20
 49064 | Depths:1 | Entered Level 1 of the Depths
 49155 | Depths:1 | Found a gateway to Hell.
 49494 | Depths:1 | Received a gift from Trog
 49980 | Depths:1 | Found a corrupted altar of Lugonu.
 49981 | Depths:1 | Found a one-way gate to the infinite horrors of the Abyss.
 51142 | Depths:2 | Received a gift from Trog
 51171 | Depths:2 | Got a crystal battleaxe {god gift}
 51306 | Depths:1 | Identified the +8 battleaxe of the Reaper {vamp, Dex+2}
                  | (Trog gifted it to you on level 2 of the Depths)
 51421 | Depths:2 | Found a gateway to a ziggurat.
 51707 | Depths:2 | Noticed a greater mummy
 51718 | Depths:2 | Noticed Saint Roka
 51975 | Depths:2 | Paralysed by a vampire knight for 4 turns
 52121 | Depths:2 | HP: 8/211 [spark wasp/living lightning (6)]
 52499 | Depths:2 | Killed Saint Roka
 52505 | Depths:2 | Killed a greater mummy
 53360 | Depths:3 | Received a gift from Trog
 53476 | Depths:3 | Reached XP level 22. HP: 220/220 MP: 21/21
 53724 | Depths:3 | Noticed a juggernaut
 53763 | Depths:3 | Killed a juggernaut
 53929 | Depths:3 | Received a gift from Trog
 54250 | Depths:3 | Noticed Sojobo
 54276 | Depths:3 | Killed Sojobo
 54296 | Depths:3 | Found a one-way gate leading to the halls of Pandemonium.
 54586 | Depths:3 | Identified the +6 spear of Rotsekk Vige {pierce, +Blink
                  | rN+}
 54802 | Depths:3 | Noticed Margery
 55238 | Depths:3 | Noticed a caustic shrike
 55245 | Depths:3 | Killed a caustic shrike
 55346 | Depths:3 | Got a shimmering scale mail
 55347 | Depths:3 | Identified the +6 scale mail of the Forest {Slay+5} (You
                  | found it on level 3 of the Depths)
 55384 | Depths:3 | Got a scorched amethyst amulet
 55621 | Depths:3 | Cast into level 4 of the Abyss (Margery)
 55737 | Abyss:4  | Gained mutation: Your body sometimes deteriorates upon
                  | taking damage. [a cacodemon]
 55751 | Abyss:4  | Received a gift from Trog
 55794 | Abyss:4  | Reached XP level 23. HP: 208/234 MP: 16/22
 55830 | Abyss:4  | Identified the amulet "Lapnezel" {RegenMP MP-9 Int+7} (You
                  | found it on level 3 of the Depths)
 55894 | Abyss:4  | Gained mutation: You tend to lose your temper in combat. [a
                  | neqoxec]
 55925 | Depths:3 | Escaped the Abyss
 56238 | Depths:3 | Killed Margery
 56494 | Depths:4 | Paralysed by a floating eye for 2 turns
 56595 | Depths:4 | Identified the ring "Ytzafo Unam" {Fire rElec Dex-3 SInv
                  | Stlth-}
 56625 | Depths:4 | Cast into level 3 of the Abyss (a lich)
 56722 | Depths:4 | Escaped the Abyss
 56799 | Depths:4 | Identified the ring "Otytown" {*Corrode rPois MR+ Dex+9
                  | Stlth+}
 56814 | Depths:4 | Received a gift from Trog
 56861 | Depths:4 | Found Plog's Food Shop.
 56953 | Depths:4 | Paralysed by a floating eye for 3 turns
 57245 | Depths:4 | Got a brightly glowing silver ring
 57270 | Depths:4 | Reached skill level 27 in Fighting
 57271 | Depths:4 | Identified the ring "Ruiprogi" {Wiz rC+ Int+3} (You found
                  | it on level 4 of the Depths)
 57388 | Depths:4 | Noticed a juggernaut
 57404 | Depths:4 | Killed a juggernaut
 57482 | Depths:4 | Found Tureagoe's Jewellery Emporium.
 57568 | Depths:5 | Entered Level 5 of the Depths
 57727 | Depths:5 | Found a portal to a secret trove of treasure.
 57909 | Depths:5 | Noticed a caustic shrike
 57915 | Depths:5 | Noticed a caustic shrike
 57919 | Depths:5 | Noticed a caustic shrike
 57922 | Depths:5 | Noticed a caustic shrike
 57928 | Depths:5 | HP: 6/240 [acid (10)]
 57929 | Depths:5 | Mangled by a caustic shrike

Levels and vault maps discovered:
D:1:      lordsloth_arrival_two_stooges, layout_basic
D:2:      cheibrodos_helix_gallery, layout_loops_ring,
          grunt_temple_overflow_magic_moments,
          chequers_ecumenical_altar_simple_redux, skrybe_limestone_x,
          nrook_uturn
D:3:      layout_basic, first_ration, uniq_sigmund
D:4:      layout_loops_corners, kennysheep_generic_room_4
D:5:      lemuel_ice_spiral_2, layout_basic
D:6:      layout_cave_pools, basic_altar, gup_sewer_entry_bubbles,
          xom_teletrap_fun
D:7:      layout_rooms, minmay_temple_entry_proselytizer, sigmund_army
D:8:      layout_loops_ring, minitemple, lair_entry_dummy, grunt_pizzeria,
          nicolae_tso_besieged_by_evil, uniq_grum
D:9:      layout_rooms, kennysheep_little_box, basic_altar, uniq_maurice
D:10:     layout_small_grid, serial_shops, shop, minivault_22, uniq_fannar
D:11:     layout_small_grid, david_orc_2, serial_shops, nicolae_shop_trees,
          shop_fountains, basic_altar
D:12:     layout_roguey, serial_shops, shop, uniq_azrael
D:13:     layout_basic, hangedman_vaults_entry_quadrant_bands, enter_bailey_2
D:14:     minmay_cut_squares, layout_loops_ring, lemuel_coloured_pillars_altar
D:15:     grunt_enter_depths_snipers, layout_loops_ring, minivault_27,
          nicolae_sextant
Lair:1:   layout_layer_cave, chequers_serial_rivers_micro_e
Lair:2:   dragon1_lemuel, layout_regular_city,
          minmay_snake_entry_guardpost_medium, small_statue_intersection,
          grunt_megastairs_3
Lair:3:   layout_chaotic_city, minmay_swamp_entry_eels, gammafunk_ghost_icy,
          grunt_megastairs_5, serial_bayou_shore_b, infiniplex_staircase_pool
Lair:4:   layout_loops_ring, uniq_rupert, uniq_snorg
Lair:5:   layout_gridlike, slime_altar_1, portal_ice_cave_entry_pillars_1,
          patterned_corridor
Lair:6:   hangedman_lair_in_review, layout_gridlike, wormcave
Swamp:1:  layout_basic_swamp, nicolae_swamp_little_tower
Swamp:2:  layout_falls_marsh, gammafunk_ghost_berserking_beasts,
          nicolae_swamp_treefoil, swamp_pool4
Swamp:3:  layout_falls_marsh, evilmike_swamp_ruin_rubble_1, uniq_mara
Swamp:4:  swamp_fiery, layout_basic_swamp, uniq_bai_suzhen
Snake:1:  layout_rooms, basic_altar, st_stairs_6, serial_bayou_lake_a,
          lemuel_fruit_tree
Snake:2:  layout_onion_interference, grunt_megastairs_4
Snake:3:  nicolae_aizul_guard, layout_grid_shapes
Snake:4:  johnstein_snake_rune_scales, layout_onion, uniq_nikola, uniq_roxanne
Orc:1:    layout_diamond_mine, serial_shops, shop, mines1_david, uniq_sonja,
          uniq_gastronok
Orc:2:    grunt_orc_tribal_feast, layout_caves, serial_shops, shop,
          bloody_makhleb
Vaults:1: biasface_vaults_ghost_orc_armoury, nicolae_vaults_disjoint_gnomons,
          nicolae_vaults_little_squares_6, nicolae_vaults_twisting_passages,
          vaults_room_octagon, vaults_room_hangedman_quadrants,
          nicolae_vaults_little_squares_4, vaults_room_door_hall,
          layout_vaults_omnigrid
Vaults:2: vaults_room_grid, vaults_room_stairs_pillars,
          nicolae_vaults_diagonal_hallway_9, v_rooms_1, grunt_vaults_diagonal,
          grunt_vaults_focal, vaults_room_pool, vaults_room_hallway,
          vaults_dpeg_ring, vaults_room_door_hall, layout_vaults_omnicross,
          uniq_mennas
Vaults:3: hangedman_vaults_corner, v_misc_9, st_lattice,
          minmay_crypt_entry_vampire_xt, nicolae_vaults_little_squares_5,
          nicolae_vaults_circle_grid_b, v_misc_25, hangedman_vaults_cutoff,
          nicolae_vaults_little_ls, nicolae_vaults_little_squares_2,
          hangedman_vaults_variations, v_misc_5, grunt_vaults_bifocal, v_misc_3,
          layout_vaults_maze_snakey
Vaults:4: v_misc_29, vaults_standard_mumra_x, nicolae_vaults_bisected_slash,
          v_misc_2, nicolae_vaults_circle_grid_a, nicolae_vaults_network_square,
          ontoclasm_vaults_eye, v_misc_15, v_misc_13, ontoclasm_vaults_tryst,
          layout_vaults_big_room, serial_shops, freezing_bzr, uniq_frederick
Depths:1: layout_small_grid, hell_entry, hangedman_decor_peaks_small,
          abyss_entry_flame_altar, hangedman_decor_growths, kennysheep_diamond,
          hangedman_corner_corridor
Depths:2: lemuel_minitomb, layout_long_grid, enter_ziggurat_b,
          minmay_crystal_room, hangedman_geh_valley,
          minmay_staircase_statues_hall_large, roderic_lattice_octagonal_star,
          uniq_saint_roka
Depths:3: angbandy_vault, layout_basic, abyss_entry, fountainhead, hell_entry,
          pan_entry, kennysheep_random_hallway, firewood_loft, uniq_margery,
          uniq_sojobo
Depths:4: hangedman_spin_cycle, serial_shops, abyss_entry, hell_entry
Depths:5: grunt_twist_and_shout, layout_gridlike, rand_demon_pan_entry_9,
          hell_entry, trove_entry_hex_spiral, serial_glass, glass_columns_b,
          glass_columns_a, glass_columns_c, glass_columns_a, feat_on_display,
          minmay_misc_feat_square, abyss_entry, minmay_misc_feat_rows

Skill      XL: |  1  2  3  4  5  6  7  8  9 10 11 12 13 14 15 16 17 18 19 20 21 22 23 |
---------------+----------------------------------------------------------------------+-----
Axes           | 4 5 6 8 9 11 12 14 15 17 18 19 20 22 23 25 26 27 | 27.0
Fighting       | 4 6 8 10 12 14 16 18 21 23 25 27 | 27.0
Armour         | 4 6 8 10 11 12 13 15 16 18 19 20 21 22 23 | 23.9
Dodging        | 3 5 7 8 10 12 13 14 | 14.0

Action                   |  1- 3 |  4- 6 |  7- 9 | 10-12 | 13-15 | 16-18 | 19-21 | 22-24 || total
-------------------------+-------+-------+-------+-------+-------+-------+-------+-------++-------
Melee: Hand axe          |    85 |   109 |   129 |       |       |    26 |       |       ||   349
       Headbutt          |    12 |    18 |    51 |    80 |   271 |   364 |   421 |   325 ||  1542
       War axe           |       |       |   146 |   150 |       |       |       |       ||   296
       Battleaxe         |       |       |       |   270 |   811 |   480 |   212 |   786 ||  2559
       Scimitar          |       |       |       |     4 |    29 |    37 |       |       ||    70
       Executioner's axe |       |       |       |       |    16 |   531 |  1030 |       ||  1577
       Broad axe         |       |       |       |       |       |       |    14 |       ||    14
Throw: Javelin           |       |       |       |       |       |     4 |     1 |    10 ||    15
Invok: Trog's Hand       |     1 |     1 |     1 |     5 |     2 |     8 |     3 |     2 ||    23
       Berserk           |       |     2 |     5 |    14 |    10 |     4 |     5 |     2 ||    42
       Brothers in Arms  |       |       |       |       |       |     4 |     2 |     3 ||     9
 Abil: Evoke Flight      |       |       |       |       |     6 |     9 |       |       ||    15
       Stop Flying       |       |       |       |       |       |     2 |       |       ||     2
Evoke: Wand              |       |       |       |     5 |     1 |       |       |     9 ||    15
  Use: Scroll            |       |     7 |     8 |     7 |    15 |    11 |    14 |     9 ||    71
       Potion            |       |       |       |     1 |       |     2 |     4 |     1 ||     8
 Stab: Petrified         |       |       |       |       |     7 |       |       |       ||     7
       Petrifying        |       |       |       |       |     1 |       |       |       ||     1
       Confused          |       |       |       |       |       |     2 |       |       ||     2
       Distracted        |       |       |       |       |       |     1 |     1 |     2 ||     4
  Eat: Chunk             |     6 |     7 |    21 |    26 |    38 |    12 |    10 |     7 ||   127
       Ration            |       |       |     1 |     3 |     4 |    11 |    11 |     3 ||    33
Armor: Animal skin       |     1 |       |       |       |       |       |       |       ||     1
       Leather armour    |    14 |    22 |    40 |    33 |       |       |       |       ||   109
       Troll leather arm |       |       |       |    69 |     3 |       |       |       ||    72
       Steam dragon scal |       |       |       |     4 |       |       |       |       ||     4
       Scale mail        |       |       |       |       |   208 |       |       |       ||   208
       Fire dragon scale |       |       |       |       |    94 |   419 |   338 |   254 ||  1105
Dodge: Dodged            |    66 |    68 |   146 |   240 |   640 |  1240 |   845 |   577 ||  3822
       Rpst.: Scimitar   |       |       |       |     2 |     9 |    13 |       |       ||    24
